[Event "European Online Club-ch-C 2021"]
[Site "Online"]
[Date "2021.03.27"]
[Round "6.2"]
[White "Van Meegen, Ruud"]
[Black "Okuyaz, Duru"]
[Result "1/2-1/2"]
[ECO "D14"]
[WhiteElo "2295"]
[BlackElo "2076"]
[Annotator "NA"]
[PlyCount "162"]
[EventDate "2021.03.27"]
[EventType "team-tourn"]
[EventCountry "NET"]
[SourceTitle "playchess.com"]
[Source "ChessBase"]
[SourceQuality "1"]
[TimeControl "900+5"]

1. d4 d5 2. c4 c6 3. Nc3 Nf6 4. cxd5 cxd5 5. Bf4 Nc6 6. e3 Bf5 7. Nf3 e6 8. Qb3 Bb4 9. Be2 O-O 10. O-O Bxc3 11. Qxc3 a6 12. Rfc1 Rc8 13. Qa3 Ne4 14. h3 Qb6 15. Ne5 Rfd8 16. Nd3 g5 17. Bh2 Nd2 18. Nc5 Nb4 19. Qc3 Ne4 20. Qb3 Nd2 21. Qd1 Ne4 22. a3 Nc6 23. b4 Nd6 24. Qb3 Qa7 25. Rc3 b5 26. Rac1 Nc4 27. a4 Qb6 28. a5 Qa7 29. Bxc4 dxc4 30. Qd1 e5 31. Qf3 exd4 32. exd4 Nxd4 33. Qe3 Bg6 34. Kh1 h6 35. Qe5 Qc7 36. Re3 Qxe5 37. Rxe5 Nb3 38. Rce1 Nxc5 39. Rxc5 Rxc5 40. bxc5 Rc8 41. Bd6 c3 42. Rc1 b4 43. c6 c2 44. Bxb4 Rxc6 45. Kh2 Rc4 46. Bd2 Kf8 47. g3 Ke7 48. Be3 Kd6 49. Kg2 Kc6 50. Kf3 Kb5 51. Bd2 Ka4 52. Ke2 Kb3 53. Be3 Ra4 54. Bd2 f5 55. f3 g4 56. hxg4 fxg4 57. fxg4 Rxg4 58. Bf4 h5 59. Rh1 Kb2 60. Be5+ Kb3 61. Bf4 Bf7 62. Kd2 Rg8 63. Kc1 Rb8 64. Re1 Rb5 65. Re3+ Kc4 66. Kxc2 Bg6+ 67. Kc1 Rxa5 68. Be5 Rb5 69. Rc3+ Kd5 70. Bf4 a5 71. Ra3 Kc4 72. Kd2 Rb2+ 73. Ke3 Rb3+ 74. Rxb3 Kxb3 75. Kd2 a4 76. Kc1 a3 77. Bd6 a2 78. Be5 Kc4 79. Kb2 Bb1 80. Bb8 Kd3 81. Ka1 Ke2 1/2-1/2

[Event "European Online Club-ch-C 2021"]
[Site "Online"]
[Date "2021.03.27"]
[Round "6.3"]
[White "Gallevci, Yagiz"]
[Black "Zimmermann, Luc"]
[Result "1-0"]
[ECO "C05"]
[WhiteElo "2069"]
[BlackElo "2151"]
[Annotator "NA"]
[PlyCount "121"]
[EventDate "2021.03.27"]
[EventType "team-tourn"]
[EventCountry "NET"]
[SourceTitle "playchess.com"]
[Source "ChessBase"]
[SourceQuality "1"]
[TimeControl "900+5"]

1. e4 e6 2. d4 d5 3. Nd2 Nf6 4. e5 Nfd7 5. f4 c5 6. c3 Nc6 7. Ndf3 Qb6 8. g3 Be7 9. Kf2 a5 10. a4 O-O 11. Kg2 f5 12. h3 cxd4 13. cxd4 Qd8 14. g4 Nb6 15. Ne2 Bd7 16. Nc3 Rc8 17. gxf5 exf5 18. Bd2 Be8 19. Rc1 Bh5 20. Be3 Nb4 21. b3 Na8 22. Nb5 Nc7 23. Nxc7 Rxc7 24. Be2 Rxc1 25. Qxc1 Qd7 26. Qd2 Bd8 27. Kh2 Bb6 28. Rc1 Rc8 29. Bb5 Qd8 30. Ng5 Rxc1 31. Qxc1 Qc7 32. Qxc7 Bxc7 33. Kg3 Bb6 34. Nf3 Kf8 35. Ne1 Be8 36. Be2 g6 37. Kf2 Ke7 38. Bd1 Bd7 39. Ke2 Ke6 40. Kd2 Ba7 41. Nf3 b5 42. Ng5+ Ke7 43. Nxh7 bxa4 44. bxa4 Nc6 45. Nf6 Nxd4 46. Nxd5+ Kd8 47. Kd3 Nc6 48. Bxa7 Nxa7 49. Kd4 Bc6 50. Bb3 Nc8 51. Kc5 Bd7 52. Nc3 Kc7 53. Bf7 Ne7 54. Bc4 Be8 55. Bb3 Kb7 56. Ne2 Kc7 57. Nd4 Kb7 58. Kd6 Nc6 59. Bd5 Kb6 60. Bxc6 Bxc6 61. Nxc6 1-0

[Event "European Online Club-ch-C 2021"]
[Site "Online"]
[Date "2021.03.27"]
[Round "6.4"]
[White "De Vries, Leon"]
[Black "Yagiz, Bora"]
[Result "0-1"]
[ECO "A09"]
[WhiteElo "2021"]
[BlackElo "1877"]
[Annotator "NA"]
[PlyCount "74"]
[EventDate "2021.03.27"]
[EventType "team-tourn"]
[EventCountry "NET"]
[SourceTitle "playchess.com"]
[Source "ChessBase"]
[SourceQuality "1"]
[TimeControl "900+5"]

1. Nf3 Nf6 2. c4 e6 3. g3 d5 4. Bg2 d4 5. O-O c5 6. d3 Nc6 7. e3 e5 8. exd4 exd4 9. Re1+ Be7 10. Ne5 Nxe5 11. Rxe5 O-O 12. Bg5 Bd6 13. Re1 h6 14. Bxf6 Qxf6 15. Na3 a6 16. Nc2 Rb8 17. a4 Bd7 18. Qd2 Qg5 19. Qxg5 hxg5 20. b4 b6 21. b5 a5 22. Rad1 Bg4 23. f3 Bf5 24. Na1 Rbe8 25. Bf1 Re3 26. Rxe3 dxe3 27. Re1 Be5 28. Nc2 Bd4 29. Nxe3 Re8 30. Kf2 Kf8 31. h3 f6 32. f4 gxf4 33. gxf4 Bc8 34. Kf3 Bb7+ 35. Kf2 Kf7 36. Re2 Kg6 37. Re1 Kh5 0-1

[Event "European Online Club-ch-C 2021"]
[Site "Online"]
[Date "2021.03.27"]
[Round "6.5"]
[White "Wirig, Anthony"]
[Black "Migot, Tangi"]
[Result "1/2-1/2"]
[ECO "D04"]
[WhiteElo "2500"]
[BlackElo "2353"]
[Annotator "ChessBase"]
[PlyCount "60"]
[EventDate "2021.03.27"]
[EventType "team-tourn"]
[EventCountry "NET"]
[SourceTitle "playchess.com"]
[Source "ChessBase"]
[SourceQuality "1"]
[TimeControl "900+5"]

1. d4 d5 2. Nf3 Nf6 3. e3 c6 4. Bd3 Bg4 5. Nbd2 Nbd7 6. h3 Bh5 7. b3 e6 8. Bb2 Bb4 9. a3 Bxf3 10. gxf3 Be7 11. f4 g6 12. Qe2 b5 13. O-O O-O 14. a4 a6 15. axb5 axb5 16. Rxa8 Qxa8 17. Ra1 Qb7 18. Qd1 Ra8 19. Rxa8+ Qxa8 20. Qa1 Qxa1+ 21. Bxa1 Bb4 22. c3 Ba5 23. Kf1 h6 24. Ke2 Kf8 25. Bb2 Ke8 26. f3 Nh5 27. Nb1 Bd8 28. Nd2 Ba5 29. Nf1 Bd8 30. Nd2 Ba5 1/2-1/2

[Event "European Online Club-ch-C 2021"]
[Site "Online"]
[Date "2021.03.27"]
[Round "6.6"]
[White "Le Goff, Ronan"]
[Black "Micottis, Dorian"]
[Result "1-0"]
[ECO "D02"]
[WhiteElo "2288"]
[BlackElo "2223"]
[Annotator "NA"]
[PlyCount "87"]
[EventDate "2021.03.27"]
[EventType "team-tourn"]
[EventCountry "NET"]
[SourceTitle "playchess.com"]
[Source "ChessBase"]
[SourceQuality "1"]
[TimeControl "900+5"]

1. d4 Nf6 2. Nf3 g6 3. g3 Bg7 4. Bg2 O-O 5. O-O d5 6. c3 b6 7. a4 a5 8. Bf4 Bb7 9. Na3 Nbd7 10. Ne5 Nh5 11. Nd3 Nxf4 12. Nxf4 c6 13. e4 dxe4 14. Bxe4 e5 15. dxe5 Nxe5 16. Nd3 Ba6 17. Nxe5 Bxf1 18. Nd7 Re8 19. Bxc6 Bh3 20. Qd5 Rc8 21. Rd1 Bg4 22. f3 Be6 23. Qb5 Bxd7 24. Rxd7 Qf6 25. Be4 Rcd8 26. Rd3 Rxd3 27. Qxe8+ Bf8 28. Bxd3 Qd6 29. Qe4 h5 30. Nc4 Qc5+ 31. Kg2 b5 32. axb5 Qxb5 33. Qe2 Qg5 34. Ne3 h4 35. f4 Qf6 36. Qf3 Qb6 37. Nc4 Qb3 38. Qe2 a4 39. f5 Kg7 40. fxg6 fxg6 41. Qe5+ Kf7 42. Qf4+ Kg7 43. Qe4 h3+ 44. Kxh3 1-0

[Event "European Online Club-ch-C 2021"]
[Site "Online"]
[Date "2021.03.27"]
[Round "6.7"]
[White "Bruch, Jochen"]
[Black "Bouget, Alexandre"]
[Result "0-1"]
[ECO "A07"]
[WhiteElo "2187"]
[BlackElo "2247"]
[Annotator "NA"]
[PlyCount "52"]
[EventDate "2021.03.27"]
[EventType "team-tourn"]
[EventCountry "NET"]
[SourceTitle "playchess.com"]
[Source "ChessBase"]
[SourceQuality "1"]
[TimeControl "900+5"]

1. Nf3 d5 2. g3 Nc6 3. Bg2 e5 4. d3 f6 5. Nbd2 Be6 6. c4 d4 7. Qb3 Rb8 8. O-O Qd7 9. Re1 Bh3 10. Bh1 h5 11. e3 dxe3 12. fxe3 h4 13. d4 hxg3 14. hxg3 Nge7 15. d5 Qg4 16. Kf2 Nf5 17. dxc6 Nxg3 18. cxb7 Nxh1+ 19. Ke2 Bg2 20. Qb5+ Kd8 21. Qd5+ Bd6 22. c5 e4 23. cxd6 Bxf3+ 24. Nxf3 Rh2+ 25. Kd1 Qxf3+ 26. Re2 Qxe2# 0-1

[Event "European Online Club-ch-C 2021"]
[Site "Online"]
[Date "2021.03.27"]
[Round "6.8"]
[White "Lahoche, Dorian"]
[Black "Kirsch, Laurent"]
[Result "1/2-1/2"]
[ECO "B30"]
[WhiteElo "2124"]
[BlackElo "2120"]
[Annotator "NA"]
[PlyCount "77"]
[EventDate "2021.03.27"]
[EventType "team-tourn"]
[EventCountry "NET"]
[SourceTitle "playchess.com"]
[Source "ChessBase"]
[SourceQuality "1"]
[TimeControl "900+5"]

1. e4 c5 2. Nc3 Nc6 3. Bb5 Nd4 4. Nf3 a6 5. Bd3 e6 6. O-O Nc6 7. Re1 b5 8. Bf1 Bb7 9. d4 cxd4 10. Nxd4 d6 11. Nxc6 Bxc6 12. a4 bxa4 13. Nxa4 Nf6 14. Nc3 Qb6 15. Nd5 Qb7 16. Rxa6 Nxd5 17. Rxa8+ Qxa8 18. exd5 Bxd5 19. c4 Bc6 20. b4 Be7 21. Bb2 O-O 22. Qg4 e5 23. b5 f5 24. Qg3 Bb7 25. c5 dxc5 26. Bc4+ Kh8 27. Bxe5 Bf6 28. f4 Be4 29. Bd3 Qb7 30. Bxe4 fxe4 31. Qb3 Bxe5 32. fxe5 Re8 33. Rf1 Qe7 34. Qd5 e3 35. Qe4 Kg8 36. Qxe3 Qxe5 37. Qxe5 Rxe5 38. Rb1 Re7 39. b6 1/2-1/2

[Event "European Online Club-ch-C 2021"]
[Site "Online"]
[Date "2021.03.27"]
[Round "6.10"]
[White "Subelj, Jan"]
[Black "Esipenko, Andrey"]
[Result "1/2-1/2"]
[ECO "C79"]
[WhiteElo "2418"]
[BlackElo "2677"]
[Annotator "ChessBase"]
[PlyCount "71"]
[EventDate "2021.03.27"]
[EventType "team-tourn"]
[EventCountry "NET"]
[SourceTitle "playchess.com"]
[Source "ChessBase"]
[SourceQuality "1"]
[TimeControl "900+5"]

1. e4 e5 2. Nf3 Nc6 3. Bb5 a6 4. Ba4 Nf6 5. O-O d6 6. d4 b5 7. Bb3 Nxd4 8. Nxd4 exd4 9. Bd5 Nxd5 10. exd5 Be7 11. Qxd4 O-O 12. Nc3 Bf5 13. Ne4 Re8 14. Bd2 Bxe4 15. Qxe4 Bf6 16. Qb4 Re5 17. Qb3 Re4 18. Rae1 Rc4 19. Re2 Qd7 20. Rfe1 h6 21. Re4 Rxe4 22. Rxe4 Re8 23. Rxe8+ Qxe8 24. Qe3 Qa8 25. Qb3 Bd4 26. g3 Qe8 27. Be3 Bxe3 28. Qxe3 Qxe3 29. fxe3 f5 30. e4 fxe4 31. Kf2 Kf7 32. Ke3 Kf6 33. Kxe4 Kg5 34. h3 h5 35. b4 Kf6 36. Kf4 1/2-1/2

[Event "European Online Club-ch-C 2021"]
[Site "Online"]
[Date "2021.03.27"]
[Round "6.11"]
[White "Shimanov, Aleksandr"]
[Black "Skuhala, Jernej"]
[Result "1-0"]
[ECO "A01"]
[WhiteElo "2597"]
[BlackElo "2351"]
[Annotator "ChessBase"]
[PlyCount "103"]
[EventDate "2021.03.27"]
[EventType "team-tourn"]
[EventCountry "NET"]
[SourceTitle "playchess.com"]
[Source "ChessBase"]
[SourceQuality "1"]
[TimeControl "900+5"]

1. b3 e5 2. Bb2 Nc6 3. e3 Nf6 4. Bb5 Bd6 5. Ne2 a6 6. Bxc6 dxc6 7. d3 O-O 8. Nd2 Re8 9. e4 Qe7 10. a4 Bc5 11. h3 Nh5 12. Nf3 Bb4+ 13. Kf1 Bd6 14. g4 Qf6 15. Kg2 Nf4+ 16. Nxf4 Qxf4 17. Qd2 Qxd2 18. Nxd2 Be6 19. Nf1 f6 20. Ne3 Bc5 21. Kf3 Kf7 22. Rag1 h6 23. Nf5 a5 24. Ke2 b5 25. Ra1 Reb8 26. Bc3 b4 27. Bd2 Rh8 28. f4 g6 29. Ng3 exf4 30. Bxf4 Bd6 31. Raf1 Ke7 32. Rf3 Raf8 33. Kf2 Bc5+ 34. Kg2 g5 35. Bc1 Bd4 36. Rhf1 Be5 37. Be3 Rf7 38. Nh5 Rhf8 39. d4 Bd6 40. Bc1 Bd7 41. Bb2 Ke6 42. Nxf6 Rxf6 43. d5+ cxd5 44. Rxf6+ Rxf6 45. Rxf6+ Ke7 46. exd5 Bc8 47. Kf3 Bb7 48. Ke4 c6 49. Rxh6 cxd5+ 50. Kf5 Bc8+ 51. Kxg5 Bc5 52. Kf4 1-0

[Event "European Online Club-ch-C 2021"]
[Site "Online"]
[Date "2021.03.27"]
[Round "6.12"]
[White "Marn, Jan"]
[Black "Ponkratov, Pavel"]
[Result "1-0"]
[ECO "A32"]
[WhiteElo "2346"]
[BlackElo "2619"]
[Annotator "ChessBase"]
[PlyCount "79"]
[EventDate "2021.03.27"]
[EventType "team-tourn"]
[EventCountry "NET"]
[SourceTitle "playchess.com"]
[Source "ChessBase"]
[SourceQuality "1"]
[TimeControl "900+5"]

1. d4 Nf6 2. c4 e6 3. g3 c5 4. Nf3 cxd4 5. Nxd4 Nc6 6. Bg2 Ne5 7. b3 Bb4+ 8. Bd2 Bc5 9. Bc3 d5 10. O-O dxc4 11. bxc4 O-O 12. Nb3 Qc7 13. Nxc5 Qxc5 14. Qb3 Rd8 15. Na3 Rb8 16. Rfd1 Rxd1+ 17. Rxd1 Bd7 18. Bb4 Qc8 19. Bd6 Nc6 20. Bxb8 Qxb8 21. Nb5 h5 22. Nd6 b6 23. Ne4 Nxe4 24. Bxe4 Ne5 25. f4 Bc6 26. Bxc6 Nxc6 27. Qb5 Qc7 28. Qxh5 a6 29. c5 g6 30. Qg5 Kg7 31. h4 f6 32. Qg4 bxc5 33. h5 g5 34. fxg5 f5 35. Qf4 Qb7 36. Qd6 Nd4 37. Qxc5 Nxe2+ 38. Kf2 f4 39. Qe5+ Kh7 40. Qxe2 1-0

[Event "European Online Club-ch-C 2021"]
[Site "Online"]
[Date "2021.03.27"]
[Round "6.13"]
[White "Donchenko, Alexander"]
[Black "Babula, Vlastimil"]
[Result "1-0"]
[ECO "E16"]
[WhiteElo "2678"]
[BlackElo "2559"]
[Annotator "ChessBase"]
[PlyCount "75"]
[EventDate "2021.03.27"]
[EventType "team-tourn"]
[EventCountry "NET"]
[SourceTitle "playchess.com"]
[Source "ChessBase"]
[SourceQuality "1"]
[TimeControl "900+5"]

1. d4 Nf6 2. c4 e6 3. g3 Bb4+ 4. Nd2 d5 5. Bg2 O-O 6. Ngf3 b6 7. O-O Bb7 8. Ne5 Nbd7 9. Qa4 Bd6 10. Nxd7 Qxd7 11. Qxd7 Nxd7 12. cxd5 exd5 13. Nc4 Be7 14. Bf4 c6 15. Nd6 Bxd6 16. Bxd6 Rfe8 17. Rfe1 f5 18. a4 a5 19. e3 Re6 20. Bf4 c5 21. Red1 Nf6 22. b3 Rc8 23. Rac1 Ne4 24. Bh3 Rf6 25. f3 Nd6 26. dxc5 bxc5 27. e4 Nf7 28. Bxf5 Re8 29. Rxc5 dxe4 30. fxe4 g6 31. Bh3 Bxe4 32. Re1 Rb6 33. Rb5 Rxb5 34. axb5 Bc6 35. Rxe8+ Bxe8 36. b6 Bc6 37. Bc7 Ng5 38. Bc8 1-0

[Event "European Online Club-ch-C 2021"]
[Site "Online"]
[Date "2021.03.27"]
[Round "6.14"]
[White "Grigorian, Spartak"]
[Black "Heimann, Andreas"]
[Result "0-1"]
[ECO "D85"]
[WhiteElo "2458"]
[BlackElo "2606"]
[Annotator "ChessBase"]
[PlyCount "66"]
[EventDate "2021.03.27"]
[EventType "team-tourn"]
[EventCountry "NET"]
[SourceTitle "playchess.com"]
[Source "ChessBase"]
[SourceQuality "1"]
[TimeControl "900+5"]

1. d4 Nf6 2. c4 g6 3. Nc3 d5 4. Nf3 Bg7 5. cxd5 Nxd5 6. e4 Nxc3 7. bxc3 c5 8. Rb1 O-O 9. Be2 cxd4 10. cxd4 Qa5+ 11. Bd2 Qxa2 12. O-O Bg4 13. Bg5 Nc6 14. d5 Rfd8 15. Rxb7 h6 16. Bxe7 Nxe7 17. Rxe7 a5 18. h3 Bxf3 19. Bxf3 Qa3 20. Rb7 a4 21. Qb1 Qd6 22. Qa2 a3 23. Rb3 Rdb8 24. Rfb1 Bb2 25. Bd1 Qf4 26. Re3 Bd4 27. Re2 Rxb1 28. Qxb1 Rc8 29. Qd3 Bb2 30. g3 Qc1 31. e5 Rc3 32. Qa6 Qxd1+ 33. Kg2 Qxd5+ 0-1

[Event "European Online Club-ch-C 2021"]
[Site "Online"]
[Date "2021.03.27"]
[Round "6.15"]
[White "Keymer, Vincent"]
[Black "Reuker, Jari"]
[Result "1-0"]
[ECO "A13"]
[WhiteElo "2591"]
[BlackElo "2423"]
[Annotator "ChessBase"]
[PlyCount "69"]
[EventDate "2021.03.27"]
[EventType "team-tourn"]
[EventCountry "NET"]
[SourceTitle "playchess.com"]
[Source "ChessBase"]
[SourceQuality "1"]
[TimeControl "900+5"]

1. Nf3 d5 2. e3 Nf6 3. c4 e6 4. Nc3 Be7 5. b3 O-O 6. Bb2 dxc4 7. Bxc4 a6 8. a4 b6 9. O-O Bb7 10. Ne5 Nbd7 11. f4 Nxe5 12. fxe5 Ne4 13. Nxe4 Bxe4 14. Bc3 Bd3 15. Rf4 c5 16. Qg4 Qd7 17. Qf3 Bg6 18. h4 h5 19. Be2 Qd5 20. e4 Qd7 21. g4 hxg4 22. Qxg4 b5 23. h5 Bh7 24. Kh1 b4 25. Rg1 g5 26. hxg6 fxg6 27. Ba1 Rxf4 28. Qxf4 Kg7 29. Kg2 Rf8 30. Qe3 Rd8 31. d3 Rf8 32. Rh1 Rf7 33. Bg4 Bf8 34. Qh3 Kh8 35. Bxe6 1-0

[Event "European Online Club-ch-C 2021"]
[Site "Online"]
[Date "2021.03.27"]
[Round "6.16"]
[White "Wachinger, Nikolas"]
[Black "Kollars, Dmitrij"]
[Result "1-0"]
[ECO "C64"]
[WhiteElo "2369"]
[BlackElo "2598"]
[Annotator "ChessBase"]
[PlyCount "115"]
[EventDate "2021.03.27"]
[EventType "team-tourn"]
[EventCountry "NET"]
[SourceTitle "playchess.com"]
[Source "ChessBase"]
[SourceQuality "1"]
[TimeControl "900+5"]

1. e4 e5 2. Nf3 Nc6 3. Bb5 a6 4. Ba4 Bc5 5. O-O Nge7 6. c3 Ba7 7. d4 Ng6 8. Bg5 f6 9. Be3 O-O 10. Nbd2 Kh8 11. Re1 d6 12. h3 Qe8 13. Nf1 Bd7 14. Bc2 Nce7 15. Qd2 Rd8 16. Ng3 f5 17. exf5 Nxf5 18. Nxf5 Bxf5 19. dxe5 dxe5 20. Qc1 Bxe3 21. Rxe3 Qf7 22. Bxf5 Qxf5 23. Qb1 Qf6 24. Qe4 Qb6 25. Qb4 Qxb4 26. cxb4 Rd5 27. Rae1 Re8 28. g3 h6 29. h4 h5 30. Kg2 Kg8 31. R1e2 c6 32. a3 Re7 33. Kf1 Kf8 34. Ng5 Ke8 35. Rf3 Nf8 36. Rf5 e4 37. Nxe4 Rxf5 38. Nd6+ Kd7 39. Nxf5 Rxe2 40. Kxe2 g6 41. Nd4 Kd6 42. Ke3 Kd5 43. b3 Nd7 44. Ne2 Ke5 45. Nf4 Kf5 46. Nd3 b6 47. Kd4 Nf6 48. f3 Nd7 49. a4 Ke6 50. a5 bxa5 51. bxa5 Kd6 52. b4 Nf6 53. Nc5 Nh7 54. Nxa6 g5 55. hxg5 Nxg5 56. Ke3 Ne6 57. f4 Kd5 58. f5 1-0

[Event "European Online Club-ch-C 2021"]
[Site "Online"]
[Date "2021.03.27"]
[Round "6.17"]
[White "Nguyen, Thai Dai Van"]
[Black "Delgado Ramirez, Neuris"]
[Result "1/2-1/2"]
[ECO "B55"]
[WhiteElo "2577"]
[BlackElo "2615"]
[Annotator "ChessBase"]
[PlyCount "106"]
[EventDate "2021.03.27"]
[EventType "team-tourn"]
[EventCountry "NET"]
[SourceTitle "playchess.com"]
[Source "ChessBase"]
[SourceQuality "1"]
[TimeControl "900+5"]

1. e4 c5 2. Nf3 d6 3. d4 cxd4 4. Nxd4 Nf6 5. f3 e5 6. Nb3 Be7 7. c4 O-O 8. Nc3 a5 9. Be3 a4 10. Nd2 Qa5 11. Be2 a3 12. Qc2 Nc6 13. Nb3 Nb4 14. Qd2 axb2 15. Qxb2 Qa3 16. Qxa3 Rxa3 17. Kd2 Be6 18. Rhb1 Rfa8 19. Nc1 Nc6 20. Rxb7 Bd8 21. Rb3 Rxb3 22. Nxb3 Ba5 23. Nxa5 Nxa5 24. Kc2 Nxc4 25. Bxc4 Bxc4 26. a4 d5 27. exd5 Nxd5 28. Nxd5 Bxd5 29. a5 f5 30. a6 f4 31. Bd2 Ra7 32. Kc3 Kf7 33. Kb4 Ke6 34. Kb5 g5 35. Kb6 Ra8 36. a7 e4 37. fxe4 Bxe4 38. Re1 Kf5 39. g4+ fxg3 40. hxg3 Bf3 41. Re7 Kg4 42. Rxh7 Rg8 43. Be1 Re8 44. Bd2 Rg8 45. Be1 Re8 46. Bb4 Kxg3 47. Bd6+ Kg2 48. Re7 Rxe7 49. Bxe7 g4 50. Bd6 g3 51. Bb8 Kf2 52. Bxg3+ Kxg3 53. a8=Q Bxa8 1/2-1/2

[Event "European Online Club-ch-C 2021"]
[Site "Online"]
[Date "2021.03.27"]
[Round "6.18"]
[White "Martinez Alcantara, Jose Eduardo"]
[Black "Michalik, Peter"]
[Result "1-0"]
[ECO "C84"]
[WhiteElo "2620"]
[BlackElo "2594"]
[Annotator "ChessBase"]
[PlyCount "89"]
[EventDate "2021.03.27"]
[EventType "team-tourn"]
[EventCountry "NET"]
[SourceTitle "playchess.com"]
[Source "ChessBase"]
[SourceQuality "1"]
[TimeControl "900+5"]

1. e4 e5 2. Nf3 Nc6 3. Bb5 a6 4. Ba4 Nf6 5. d3 b5 6. Bb3 Be7 7. O-O d6 8. a4 Bd7 9. c3 O-O 10. Re1 Na5 11. Bc2 c5 12. Bg5 h6 13. Bxf6 Bxf6 14. Nbd2 Be6 15. axb5 axb5 16. Nf1 g6 17. Ne3 Bg7 18. Nd5 Bxd5 19. exd5 Nb7 20. Rb1 Qd7 21. Nd2 f5 22. b4 Rfb8 23. g3 cxb4 24. cxb4 Rc8 25. Rc1 Rc7 26. Bb3 Nd8 27. Rxc7 Qxc7 28. Qc1 Qb7 29. Nf3 Rc8 30. Qd1 Qc7 31. Nxe5 Kh7 32. Nc6 Nxc6 33. dxc6 Qxc6 34. h4 h5 35. Bf7 Bf6 36. Qe2 Kg7 37. Be8 Qd5 38. d4 Qxd4 39. Qe6 Rc7 40. Bd7 f4 41. g4 Rc2 42. Rf1 Bxh4 43. gxh5 Bxf2+ 44. Kh1 Qf6 45. h6+ 1-0

[Event "European Online Club-ch-C 2021"]
[Site "Online"]
[Date "2021.03.27"]
[Round "6.19"]
[White "Plat, Vojtech"]
[Black "Gukesh D"]
[Result "1-0"]
[ECO "D30"]
[WhiteElo "2552"]
[BlackElo "2563"]
[Annotator "ChessBase"]
[PlyCount "165"]
[EventDate "2021.03.27"]
[EventType "team-tourn"]
[EventCountry "NET"]
[SourceTitle "playchess.com"]
[Source "ChessBase"]
[SourceQuality "1"]
[TimeControl "900+5"]

1. d4 d5 2. Nf3 Nf6 3. e3 e6 4. c4 Bb4+ 5. Nbd2 c5 6. a3 Bxd2+ 7. Bxd2 cxd4 8. exd4 dxc4 9. Bxc4 O-O 10. O-O b6 11. Bg5 Ba6 12. Bxa6 Nxa6 13. Ne5 Nc7 14. Nc6 Qd6 15. Bxf6 gxf6 16. Qg4+ Kh8 17. Qf3 f5 18. Rac1 Nd5 19. Ne5 f6 20. Nc4 Qf4 21. Qxf4 Nxf4 22. Rc2 Rac8 23. Rd1 Rfd8 24. g3 Ng6 25. Kf1 f4 26. a4 Kg7 27. b3 Rd5 28. Re1 Rc6 29. Na3 Rxc2 30. Nxc2 Kf7 31. Ke2 Rh5 32. h4 fxg3 33. fxg3 Ne7 34. Ne3 b5 35. Ra1 Nc6 36. Kd3 bxa4 37. Rxa4 Rb5 38. Kc3 Ke7 39. Ra1 f5 40. Kc4 Rb7 41. d5 Ne5+ 42. Kc3 Rc7+ 43. Kd4 Nf3+ 44. Kd3 Ne5+ 45. Kd2 Nf3+ 46. Kd3 Ne5+ 47. Ke2 Rb7 48. dxe6 Kxe6 49. Ra6+ Rb6 50. Rxa7 Rxb3 51. Ra6+ Kf7 52. Nxf5 Ng4 53. Ra4 h5 54. Ra6 Rc3 55. Kd2 Rf3 56. Nd6+ Kg7 57. Ne4 Rb3 58. Ra5 Kh6 59. Nd6 Rb6 60. Nf5+ Kg6 61. Nd4 Rd6 62. Rg5+ Kf6 63. Kc3 Ra6 64. Rxh5 Ra3+ 65. Nb3 Ne3 66. Rg5 Nf5 67. Kb4 Ra2 68. Nc5 Re2 69. Nd7+ Ke6 70. Nf8+ Kf6 71. Nh7+ Ke6 72. Rg6+ Ke5 73. h5 Rg2 74. g4 Ne3 75. Nf6 Rf2 76. g5 Kf5 77. Rg8 Rf4+ 78. Kc5 Rc4+ 79. Kb5 Rh4 80. h6 Nc2 81. h7 Nd4+ 82. Kb6 Ne6 83. h8=Q 1-0

[Event "European Online Club-ch-C 2021"]
[Site "Online"]
[Date "2021.03.27"]
[Round "6.20"]
[White "Alvarez Fernandez, Enrique"]
[Black "Stocek, Jiri"]
[Result "0-1"]
[ECO "D02"]
[WhiteElo "2349"]
[BlackElo "2604"]
[Annotator "ChessBase"]
[PlyCount "74"]
[EventDate "2021.03.27"]
[EventType "team-tourn"]
[EventCountry "NET"]
[SourceTitle "playchess.com"]
[Source "ChessBase"]
[SourceQuality "1"]
[TimeControl "900+5"]

1. d4 Nf6 2. Nf3 d5 3. Bf4 Bg4 4. Ne5 Bh5 5. Qd3 Nbd7 6. Qh3 Qc8 7. Nd2 Nxe5 8. Qxc8+ Rxc8 9. Bxe5 Nd7 10. Bg3 c5 11. dxc5 Nxc5 12. e3 e6 13. Bb5+ Kd8 14. a4 Bg6 15. c3 Nd3+ 16. Bxd3 Bxd3 17. f3 f6 18. e4 d4 19. Nb3 e5 20. Kd2 Bc4 21. Na5 Ba6 22. Rhc1 b6 23. Nb3 Bc4 24. cxd4 Bb4+ 25. Ke3 Bxb3 26. Rxc8+ Kxc8 27. dxe5 Rd8 28. exf6 Bd2+ 29. Kf2 gxf6 30. Bh4 Rd6 31. Kg3 Kd7 32. Kh3 Ke6 33. Bg3 Rd3 34. Kg4 Kf7 35. Bf4 h5+ 36. Kg3 h4+ 37. Kg4 Be6+ 0-1

[Event "European Online Club-ch-C 2021"]
[Site "Online"]
[Date "2021.03.27"]
[Round "7.1"]
[White "Delgado Ramirez, Neuris"]
[Black "Okuyaz, Duru"]
[Result "1-0"]
[ECO "C10"]
[WhiteElo "2615"]
[BlackElo "2076"]
[Annotator "ChessBase"]
[PlyCount "51"]
[EventDate "2021.03.27"]
[EventType "team-tourn"]
[EventCountry "NET"]
[SourceTitle "playchess.com"]
[Source "ChessBase"]
[SourceQuality "1"]
[TimeControl "900+5"]

1. e4 e6 2. d4 d5 3. Nc3 dxe4 4. Nxe4 Nd7 5. Nf3 Ngf6 6. Nxf6+ Nxf6 7. c3 c5 8. Be3 Qb6 9. Qb3 Bd7 10. Be2 Nd5 11. O-O Nxe3 12. fxe3 Bd6 13. Qc2 O-O 14. Ng5 f5 15. Bc4 Kh8 16. Kh1 cxd4 17. exd4 Bxh2 18. Qe2 Bb8 19. Qh5 h6 20. Rae1 Qc7 21. Bxe6 Be8 22. Qh3 Qg3 23. Qxg3 Bxg3 24. Re3 f4 25. Rxg3 hxg5 26. Rh3+ 1-0

[Event "European Online Club-ch-C 2021"]
[Site "Online"]
[Date "2021.03.27"]
[Round "7.2"]
[White "Gallevci, Yagiz"]
[Black "Martinez Alcantara, Jose Eduardo"]
[Result "0-1"]
[ECO "C68"]
[WhiteElo "2069"]
[BlackElo "2620"]
[Annotator "ChessBase"]
[PlyCount "100"]
[EventDate "2021.03.27"]
[EventType "team-tourn"]
[EventCountry "NET"]
[SourceTitle "playchess.com"]
[Source "ChessBase"]
[SourceQuality "1"]
[TimeControl "900+5"]

1. e4 e5 2. Nf3 Nc6 3. Bb5 a6 4. Bxc6 dxc6 5. Nc3 f6 6. d4 exd4 7. Qxd4 Qxd4 8. Nxd4 Bd7 9. Be3 Bb4 10. Nde2 Ne7 11. O-O-O O-O-O 12. Na4 Ng6 13. Bc5 a5 14. c3 Bxc5 15. Nxc5 Ne5 16. h3 Rhe8 17. Ng3 b6 18. Nxd7 Nxd7 19. Kc2 g6 20. Rhe1 Re7 21. Re2 Rde8 22. Rde1 c5 23. Nf1 c4 24. Nd2 Ne5 25. Rf1 b5 26. f4 Nd7 27. a4 c6 28. Ra1 Kb7 29. axb5 cxb5 30. Rxa5 Kb6 31. Ra1 Nc5 32. b3 cxb3+ 33. Nxb3 Rxe4 34. Rxe4 Rxe4 35. Nd4 Rxf4 36. Ra8 Rf2+ 37. Kd1 Ne4 38. Ke1 Rxg2 39. Rb8+ Kc7 40. Rxb5 Rg1+ 41. Ke2 Nxc3+ 42. Kf2 Nxb5 43. Nxb5+ Kb6 44. Kxg1 Kxb5 45. Kf2 Kc4 46. Kf3 Kd5 47. Kf4 Ke6 48. h4 h5 49. Ke4 g5 50. hxg5 fxg5 0-1

[Event "European Online Club-ch-C 2021"]
[Site "Online"]
[Date "2021.03.27"]
[Round "7.3"]
[White "Gukesh D"]
[Black "Yagiz, Bora"]
[Result "1-0"]
[ECO "A88"]
[WhiteElo "2563"]
[BlackElo "1877"]
[Annotator "ChessBase"]
[PlyCount "49"]
[EventDate "2021.03.27"]
[EventType "team-tourn"]
[EventCountry "NET"]
[SourceTitle "playchess.com"]
[Source "ChessBase"]
[SourceQuality "1"]
[TimeControl "900+5"]

1. d4 d6 2. Nf3 f5 3. c4 Nf6 4. Nc3 g6 5. g3 Bg7 6. Bg2 O-O 7. O-O c6 8. d5 e5 9. dxe6 Bxe6 10. b3 Nh5 11. Nd4 Re8 12. e3 a5 13. Bb2 Qc7 14. Qd2 Na6 15. Rfd1 Nc5 16. Qc2 Nf6 17. a3 Bf7 18. b4 axb4 19. axb4 Nce4 20. Nxe4 Nxe4 21. g4 Qd7 22. gxf5 gxf5 23. Rxa8 Rxa8 24. Bh3 Bg6 25. Qxe4 1-0